 Dungeon Crawl Stone Soup version 0.29-a0-838-g385bb11a5b (webtiles) character file.

Game seed: 6271610875903826623

297 zishaf the Magician (level 6, -3/46 HPs)
             Began as a Djinni Venom Mage on July 13, 2022.
             Slain by an orc
             ... wielding a +0 trident
              (9 damage)
             ... on level 4 of the Dungeon.
             The game lasted 00:05:45 (4295 turns).

zishaf the Magician (Djinni Venom Mage)             Turns: 4295, Time: 00:05:46

Health: -3/46      AC:  2    Str:  7    XL:     6   Next: 62%
Gold:   191        EV: 12    Int: 18    God:
                   SH:  0    Dex: 14

rFire   + + .      SeeInvis .   j - +0 dagger
rCold   x . .      Faith    .   (no shield)
rNeg    . . .      Spirit   .   a - +0 robe
rPois   ∞          Reflect  .   (no helmet)
rElec   .          Harm     .   (no cloak)
rCorr   .          Rampage  .   (no gloves)
Will    .....                   (boots unavailable)
Stlth   ++........              (no amulet)
HPRegen 0.15/turn               (no ring)
MPRegen 0.00/turn               (no ring)

@: flying
A: sickness immunity, fire resistance 2, cold vulnerability 1, float, innate
caster, HP casting, extra vitality 1
a: no special abilities


You were on level 4 of the Dungeon.
You visited 1 branch of the dungeon, and saw 4 of its levels.

You collected 191 gold pieces.

Inventory:

Hand Weapons
 j - a +0 dagger (weapon)
Armour
 a - a +0 robe (worn)
 k - a +0 pair of gloves
Scrolls
 b - 3 scrolls of teleportation
 h - a scroll of blinking
Potions
 c - a potion of invisibility
 d - 2 potions of might
 e - 3 potions of curing
 l - a potion of brilliance
 o - a potion of mutation {unknown}
 p - a potion of haste {unknown}


   Skills:
 + Level 3.2 Fighting
 - Level 2.1 Dodging
 - Level 1.5 Stealth
 * Level 4.5 Spellcasting


You had one spell level left.
You knew the following spells:

 Your Spells              Type           Power      Damage    Failure   Level
a - Sting                 Tmut/Pois      80%        1d7       2%          1
b - Poisonous Vapours     Pois/Air       40%        N/A       3%          2
c - Passwall              Tmut/Erth      16%        N/A       3%          2
d - Beastly Appendage     Tmut           40%        N/A       2%          1
z - Mephitic Cloud        Conj/Pois/Air  20%        N/A       6%          3
A - Olgreb's Toxic Radia  Pois           20%        N/A       22%         4
Your spell library was empty.

Dungeon Overview and Level Annotations

Branches:
Dungeon (4/15)
 Temple: D:4-7

Altars:
Cheibriados
The Shining One

Shops:
D:1 (

Annotations:
D:4 Natasha


Innate Abilities, Weirdness & Mutations

You are immune to sickness and miasma.
You are immune to poison.
Your flesh is very heat resistant. (rF++)
You are vulnerable to cold. (rC-)
You float through the air rather than walking.
You learn spells naturally, not from books.
Your magical power is your life essence.
You have superior vitality. (+4 MHP)


Message History

The orc priest appears confused.
The orc closely misses you. The orc priest closely misses you.
You hit the orc priest but do no damage.
The orc hits the orc priest but does no damage.
The orc barely misses you. The hound bites you.
The orc attacks as you move away! The orc barely misses you.
The orc priest hits the orc but does no damage.
The orc priest closely misses you. The orc completely misses you.
Natasha, Servant of Life and Death comes into view.
You see here a +0 hand axe.
Natasha hisses angrily.
You hit the orc priest.
The orc priest is lightly wounded.
The orc priest closely misses you.
The orc hits you from afar with a +0 trident!
You hit the orc priest but do no damage.
The orc priest is lightly wounded.
The orc hits you from afar with a +0 trident!
You catch the helpless orc priest completely off-guard!
You hit the orc priest.
The orc priest is heavily wounded.
The hound bites the orc.
The orc priest closely misses you. The orc closely misses you.
Natasha wildly gestures.
Natasha glows brightly for a moment.
You barely miss the orc priest.
The orc priest is heavily wounded.
The hound closely misses the orc.
The orc closely misses you.
You hit the orc priest.
The orc priest is heavily wounded.
The orc hits you from afar with a +0 trident.
* * * LOW HITPOINT WARNING * * *
The orc priest closely misses you.
Unknown command.
You hit the orc priest.
The orc priest is severely wounded.
The orc priest hits you with a +0 hand axe.
* * * LOW HITPOINT WARNING * * *
The orc hits you from afar with a +0 trident!
You die...

*,*,*,**** *,* ****,,,**,,
******** *,* **,**,,, *,*
**,**,,, *,*####*,,*,,,,
######.#...,,,,*,,**
##########........#****,,,,**
#........#.####...###**,**,*
#.######.#h##..o.....**,,,,*
#.##.....<..@o#,,,**,**,****
#.#...##.#o###h...#,,,*,***
#..###.#.#.......$.!.,,,,,*
##.## ##..#####...##..,***,*
#.## ##.# *#.##*******,** #
#.# #.# *.# *,,,* # #.## ##.#
*.# ***,*,** # ##.## ##..#
**'#* *,,,*,,, # #..###...#
**,,,** *,*****,


You could see a hound (confused), an orc priest (confused), Natasha and 2 orcs.

Vanquished Creatures
  A phantom (D:4)
  A gnoll bouda (D:4)
  An iguana (D:4)
  Natasha (D:4)
  4 adders
  5 gnolls
  2 worms (D:2)
  3 dart slugs
  An orc (D:4)
  4 bats
  4 endoplasms
  A giant cockroach (D:1)
  4 goblins
  5 hobgoblins
  2 jackals (D:2)
  5 kobolds
  8 ball pythons
  3 frilled lizards
  6 rats
61 creatures vanquished.

Notes
Turn   | Place    | Note
-------+----------+-------------------------------------------
     0 | D:1      | zishaf the Djinni Venom Mage began the quest for the Orb.
     0 | D:1      | zishaf set off with the following spells memorised: Sting,
                  | Poisonous Vapours, Mephitic Cloud, Olgreb's Toxic Radiance.
     0 | D:1      | Reached XP level 1. HP: 15/15 MP: 0/0
   211 | D:1      | Found a faded altar of an unknown god.
   348 | D:1      | Found Acoxul's Antique Weapon Shop.
   383 | D:1      | Reached XP level 2. HP: 19/22 MP: 0/0
   633 | D:1      | Reached skill level 1 in Fighting
   633 | D:1      | Reached XP level 3. HP: 17/27 MP: 0/0
   633 | D:1      | Learned a level 1 spell: Beastly Appendage
   891 | D:2      | Reached skill level 3 in Spellcasting
  1952 | D:2      | Reached XP level 4. HP: 30/32 MP: 0/0
  2921 | D:3      | Found a glowing golden altar of the Shining One.
  3388 | D:4      | Noticed a phantom
  3393 | D:4      | Reached XP level 5. HP: 25/38 MP: 0/0
  3393 | D:4      | Learned a level 2 spell: Passwall
  3401 | D:4      | Reached skill level 4 in Spellcasting
  3406 | D:4      | Killed a phantom
  3407 | D:4      | Reached XP level 6. HP: 19/46 MP: 0/0
  3906 | D:4      | Noticed Natasha
  3914 | D:4      | Killed Natasha
  4020 | D:4      | Found a snail-covered altar of Cheibriados.
  4289 | D:4      | Noticed Natasha
  4295 | D:4      | Slain by an orc

Illustrated notes

Levels and vault maps discovered:
D:1:      onia_arrival_pyramid, layout_rooms, serial_shops, shop,
          hellmonk_ecumenical_altar_heavens_door,
          chequers_serial_rivers_large_a, minivault_11
D:2:      layout_rooms, minmay_hedge_maze, minmay_pentomino_pile
D:3:      layout_basic, nicolae_tso_carved_into_rock
D:4:      layout_loops_corners, kennysheep_mini_moat,
          gammafunk_ghost_necromancy, minmay_misc_feat_x,
          kennysheep_generic_room_12, uniq_natasha, uniq_ijyb

Skill      XL: |  1  2  3  4  5 |
---------------+----------------+-----
Fighting       | 1 2 3 |  3.2
Spellcasting   | 3 4 |  4.5
Dodging        | |  2.1
Stealth        | |  1.5

Action                   |  1- 3 |  4- 6 || total
-------------------------+-------+-------++-------
Melee: Unarmed           |     6 |       ||     6
       Dagger            |     5 |    52 ||    57
       Headbutt          |     1 |     1 ||     2
 Cast: Sting             |    60 |    40 ||   100
       Mephitic Cloud    |     1 |     5 ||     6
       Beastly Appendage |     1 |     1 ||     2
       Poisonous Vapours |       |    11 ||    11
  Use: Scroll            |       |     9 ||     9
       Potion            |       |     1 ||     1
 Stab: Confused          |       |     2 ||     2
       Sleeping          |       |     1 ||     1
Armor: Robe              |     3 |    10 ||    13
Dodge: Dodged            |    18 |    44 ||    62

Table legend: (Time is in decaauts)
 A = Elapsed time spent in this place.
 B = Non-inter-level travel time spent in this place.
 C = Inter-level travel time spent in this place.
 D = Time resting spent in this place.
 E = Time spent auto-exploring this place.
 F = Levels seen in this place.
 G = Mean time per level.
                   A        B        C        D        E       F      G
               +--------+--------+--------+--------+--------+-----+--------+
         Total |   4295 |   4108 |    187 |    238 |   3405 |   4 | 1073.8 |
       Dungeon |   4295 |   4108 |    187 |    238 |   3405 |   4 | 1073.8 |
               +--------+--------+--------+--------+--------+-----+--------+

Top non-repeatable levels by time:
     D:2: 1413 daAuts
     D:1: 1104 daAuts
     D:4: 952 daAuts
     D:3: 825 daAuts
